 Dungeon Crawl Stone Soup version 0.20.1-1-g8b1a95d (webtiles) character file.

554 Gargoyl the Covered (level 7, -4/61 HPs)
             Began as a Minotaur Abyssal Knight on July 11, 2017.
             Was a Priest of Lugonu.
             Killed from afar by Timinator's ghost (20 damage)
             ... with a stone arrow
             ... on level 4 of the Dungeon.
             The game lasted 00:08:39 (4584 turns).

Gargoyl the Covered (Minotaur Abyssal Knight)       Turns: 4584, Time: 00:08:39

Health: -4/61      AC:  8    Str: 21    XL:     7   Next: 8%
Magic:  8/8        EV:  8    Int:  9    God:    Lugonu [***...]
Gold:   155        SH: 11    Dex: 12    Spells: 6/6 levels left

rFire    . . .     SeeInvis .   a - +1 hand axe
rCold    . . .     Gourm    .   k - +2 shield
rNeg     . . .     Faith    .   s - +0 scale mail
rPois    .         Spirit   .   (helmet restricted)
rElec    .         Reflect  .   v - +0 cloak
rCorr    +         Harm     .   (no gloves)
MR       +....     Clarity  +   (no boots)
Stlth    +.........             (no amulet)
Regen    0.2/turn               l - ring of resist corrosion
MPRegen  0.2/turn               d - ring of stealth

@: mighty
A: retaliatory headbutt, horns 2, clarity, magic resistance 1
a: Depart the Abyss, Bend Space, Banish, Renounce Religion


You were on level 4 of the Dungeon.
You worshipped Lugonu.
Lugonu was most pleased with you.
You were not hungry.

You visited 1 branch of the dungeon, and saw 4 of its levels.
You visited the Abyss 1 time.

You collected 155 gold pieces.

Inventory:

Hand Weapons
 a - a +1 hand axe (weapon)
Missiles
 t - 8 tomahawks (quivered)
Armour
 k - a +2 shield (worn)
 s - a +0 scale mail (worn)
 v - a +0 cloak (worn)
Jewellery
 d - a ring of stealth (right hand)
 l - a ring of resist corrosion (left hand)
Wands
 r - a wand of polymorph (13/24)
Scrolls
 e - a scroll of teleportation
 h - a scroll of magic mapping
 i - a scroll of identify
 j - a scroll of amnesia {unknown}
 o - a scroll of remove curse
Potions
 b - 2 potions of heal wounds {unknown}
 f - 2 potions of curing
 n - 2 potions of agility
 w - a potion of brilliance {unknown}
Comestibles
 c - 5 bread rations
 g - 3 chunks of flesh
 p - 4 meat rations
 q - a royal jelly


   Skills:
 + Level 5.0 Fighting
 + Level 4.3 Axes
 * Level 5.4 Armour
 + Level 3.0 Dodging
 + Level 2.5 Shields
 * Level 3.3 Invocations


You had 6 spell levels left.
You didn't know any spells.

Dungeon Overview and Level Annotations

Branches:
Dungeon (4/15)
 Temple: D:4-7

Altars:
Kikubaaqudgha
Yredelemnul

Shops:
D:4 *[

Annotations:
D:4 2 transporters, Menkaure; Timinator's ghost, novice GrEE


Innate Abilities, Weirdness & Mutations

You reflexively headbutt those who attack you in melee.
You have a pair of horns on your head.
You possess an exceptional clarity of mind.
You are resistant to hostile enchantments. (MR+)


Message History

Unknown command.
You slash Timinator's ghost! You headbutt Timinator's ghost!
Timinator's ghost is severely damaged.
You barely miss the orc. You block Timinator's ghost's attack.
The orc hits you but does no damage.
Unknown command.
You barely miss the orc.
Your shield prevents you from hitting Timinator's ghost.
You block Timinator's ghost's attack. The orc hits you but does no damage.
Timinator's ghost completely misses you.
You block the orc's attack.
Unknown command.
Your shield prevents you from hitting Timinator's ghost.
Timinator's ghost is severely damaged.
You slash the orc!
You kill the orc!
Lugonu accepts your kill.
Timinator's ghost gestures at you while chanting.
The stone arrow hits you!
You die...

####...# ######.#..ZWoo....©#.#
##.∩## #.#...........#.#
##..########.#..##.(.##..#.##
#.....>.....#..#8...8#..#...
##...........#..##...##.)#...
###............#...........#...
##........... #.#..##...##..#W..
#..###.......##o#n.#8...8#..#.##
#.## #...##..#@#oo##...##..#.##
#.# #..# #†#W#ooW........#..#
#.# ..# #..#ZM._}⌠._.).#... #.#
#..# ##.#############... ##.# ..
#................# #..#
#..#####...####...# ...# #)...#
##.........# .### #...##
#######.... .# .. ..... #.)..


You could see a phantom, a necrophage, Menkaure, an orc priest, 2 orc wizards,
Timinator's ghost, 2 orcs and a bullfrog zombie.

Vanquished Creatures
  Blork the orc (D:4)
  A quasit (Abyss:2)
  An orc priest (D:4)
  An iguana (D:4)
  4 orc wizards
  A worker ant (D:4)
  12 gnolls
  6 adders
  An adder skeleton (D:4)
  3 worms (D:2)
  4 leopard geckos
  11 orcs
  A ball python (D:3)
  A giant cockroach (D:2)
  7 goblins
  4 hobgoblins
  6 jackals (D:4)
  5 kobolds
  4 quokkas
  9 bats
  10 frilled lizards
  6 rats
99 creatures vanquished.

Notes
Turn   | Place    | Note
-------+----------+-------------------------------------------
     0 | Abyss:1  | Gargoyl the Minotaur Abyssal Knight began the quest for the Orb.
     0 | Abyss:1  | Reached XP level 1. HP: 19/19 MP: 1/1
   107 | Abyss:2  | Noticed a quasit
   125 | Abyss:2  | Killed a quasit
   125 | Abyss:2  | Reached XP level 2. HP: 12/27 MP: 2/2
   125 | Abyss:2  | Reached XP level 3. HP: 14/33 MP: 3/3
   160 | Abyss:2  | Noticed a fire bat
   161 | D:1      | Escaped the Abyss
   327 | D:1      | You fall through a shaft!
   380 | D:1      | Reached * piety under Lugonu
  1194 | D:1      | Reached XP level 4. HP: 30/41 MP: 4/4
  2261 | D:3      | Reached ** piety under Lugonu
  2283 | D:3      | Reached XP level 5. HP: 43/47 MP: 5/5
  2292 | D:3      | Reached skill level 1 in Shields
  3046 | D:3      | Reached XP level 6. HP: 36/53 MP: 7/7
  3436 | D:3      | Found a faded altar of an unknown god.
  3601 | D:4      | Reached skill level 5 in Armour
  3665 | D:4      | Gained mutation: You possess an exceptional clarity of mind. [potion of mutation]
  3665 | D:4      | Gained mutation: You are resistant to hostile enchantments. (MR+) [potion of mutation]
  3758 | D:4      | Found Jiot's Assorted Antiques.
  3790 | D:4      | Found a transporter.
  3795 | D:4      | Found a transporter.
  3799 | D:4      | Found Rupem's Antique Armour Shoppe.
  3850 | D:4      | Found a basalt altar of Yredelemnul.
  3855 | D:4      | Noticed Menkaure
  3886 | D:4      | Noticed Blork the orc
  3911 | D:4      | Killed Blork the orc
  4175 | D:4      | Noticed Timinator's ghost (novice GrEE)
  4460 | D:4      | Reached XP level 7. HP: 52/60 MP: 8/8
  4550 | D:4      | Found an ancient bone altar of Kikubaaqudgha.
  4566 | D:4      | Reached *** piety under Lugonu
  4580 | D:4      | Reached skill level 5 in Fighting
  4584 | D:4      | Killed from afar by Timinator's ghost

Skill      XL: |  1  2  3  4  5  6  7 |
---------------+----------------------+-----
Fighting       | 4 5 |  5.0
Invocations    | 2 3 |  3.3
Armour         | 3 4 5 |  5.4
Dodging        | 2 3 |  3.0
Axes           | 3 4 |  4.3
Shields        | 1 2 |  2.5

Action                   |  1- 3 |  4- 6 |  7- 9 || total
-------------------------+-------+-------+-------++-------
Melee: Hand axe          |    66 |   191 |    18 ||   275
       Headbutt          |     5 |    23 |     3 ||    31
Invok: Depart the Abyss  |     1 |       |       ||     1
  Use: Scroll            |     5 |    11 |       ||    16
       Potion            |       |     4 |     1 ||     5
  Eat: Chunk             |       |     9 |     1 ||    10
       Royal jelly       |       |     1 |       ||     1
Armor: Ring mail         |    64 |    22 |       ||    86
       Scale mail        |       |    72 |    13 ||    85
       Skin              |       |    14 |       ||    14
Dodge: Dodged            |    54 |    84 |     2 ||   140
Block: Shield            |    31 |   113 |    12 ||   156
